 Dungeon Crawl Stone Soup version 0.29.1-15-g9cfb28693d (webtiles) character file.

Game seed: 17465623405477712641

77 safid the Chiller (level 4, 0/33 HPs)
             Began as a Merfolk Ice Elementalist on Apr 7, 2023.
             Slain by an orc
             ... wielding a +0 short sword
              (3 damage)
             ... on level 2 of the Dungeon.
             The game lasted 00:02:56 (2250 turns).

safid the Chiller (Merfolk Ice Elementalist)        Turns: 2250, Time: 00:02:56

Health: 0/33       AC:  3    Str:  8    XL:     4   Next: 34%
Magic:  5/8        EV: 12    Int: 16    God:
Gold:   130        SH:  0    Dex: 14    Spells: 1/8 levels left

rFire   . . .      SeeInvis .   e - +0 hand axe
rCold   . . .      Faith    .   (no shield)
rNeg    . . .      Spirit   .   a - +0 robe
rPois   .          Reflect  .   (no helmet)
rElec   .          Harm     .   f - +0 cloak
rCorr   .          Rampage  .   (no gloves)
Will    .....                   (no boots)
Stlth   ++........              (no amulet)
HPRegen 0.11/turn               (no ring)
MPRegen 0.11/turn               (no ring)

@: freezing walls
A: (nimble swimmer 2), mertail
a: no special abilities


You were on level 2 of the Dungeon.
You visited 1 branch of the dungeon, and saw 2 of its levels.

You collected 130 gold pieces.

Inventory:

Hand Weapons
 e - a +0 hand axe (weapon)
Armour
 a - a +0 robe (worn)
 f - a +0 cloak (worn)
Scrolls
 g - a scroll of fog {unknown}
 i - a scroll of teleportation {unknown}
 j - a scroll of noise {unknown}
Potions
 b - a potion of magic
 c - a potion of curing {unknown}
 d - a potion of berserk rage {unknown}
 h - a potion of cancellation {unknown}
 k - a potion of haste {unknown}


   Skills:
 + Level 2.2 Fighting
 - Level 2.6 Dodging
 - Level 2.1 Stealth
 + Level 2.8 Spellcasting
 + Level 5.1 Ice Magic


You had one spell level left.
You knew the following spells:

 Your Spells              Type           Power      Damage    Failure   Level
a - Freeze                Ice            72%        1d9       2%          1
b - Frozen Ramparts       Ice            36%        1d6       7%          3
c - Ozocubu's Armour      Ice            18%        N/A       7%          3

Your spell library contained the following spells:

 Spells                   Type           Power      Damage    Failure   Level
 Hailstorm                Conj/Ice       10%        3d5       54%         4


Dungeon Overview and Level Annotations

Branches:
Dungeon (2/15)

Altars:


Innate Abilities, Weirdness & Mutations

((You are very nimble when in or above water. (Stealth+, EV+, Speed+++)))
Your lower body shifts to a powerful aquatic tail in water.


Message History

Confirm with . or Enter, or press ? or * to list all spells.
The spell is quite dangerous to miscast (7% risk of failure)!
Continue anyway? [Y]es or [N]o only, please.
The spell is quite dangerous to miscast (7% risk of failure)!
Continue anyway?
Casting: Frozen Ramparts (quite dangerous; 7% risk of failure)
Press: ? - help, Dir - look around, f - activate The walls around you are covered in ice.
The wall freezes the orc but does no damage.
The orc hits you but does no damage.
The wall freezes the orc but does no damage.
The orc barely misses you.
The wall freezes the orc.
The orc priest calls down the wrath of Beogh upon you.
Beogh smites you!
Unknown command.
You are too injured to fight recklessly!
Unknown command.
Unknown command.
You hit the orc.
The orc is severely wounded.
You hit the orc but do no damage.
The wall freezes the orc.
You kill the orc!
The wall freezes the orc but does no damage.
The orc closely misses you.
The wall freezes the orc but does no damage.
You closely miss the orc.
The wall freezes the orc!
You kill the orc!
The wall freezes the orc.
The orc priest mumbles some strange prayers to Beogh against you.
Pain shoots through your body!
The wall freezes the orc but does no damage.
Unknown command.
You hit the orc but do no damage.
The orc is moderately wounded.
You barely miss the orc.
The orc priest mumbles some strange prayers to Beogh against you.
Beogh smites you!
* * * LOW HITPOINT WARNING * * *
The wall freezes the orc but does no damage.
The orc hits you with a +0 short sword.
You die...

#.......#..##......###...
#.......#..........###..#
#.......#..#......#......
#.......#..#..##+##.##...
#.......#......#.##.##...
#......o#.#..............
#.....oo#.#.#..####.#<...
........oo.#.#............
.......##@......#.#..#...#
.....## #.......#.#..#...#
..... #.......#......(.#
.... #.......#####.#..#
.... ........## #.#...
.######### #..... # #.....
##.... #########....


You could see 2 orc priests and 3 orcs.

Vanquished Creatures
  3 adders (D:2)
  2 orcs (D:2)
  2 endoplasms (D:1)
  2 giant cockroaches (D:1)
  4 goblins
  5 hobgoblins
  6 jackals (D:1)
  A kobold (D:1)
  4 quokkas
  5 ball pythons (D:1)
  3 bats
  2 frilled lizards (D:1)
  5 rats (D:1)
44 creatures vanquished.

Notes
Turn   | Place    | Note
-------+----------+-------------------------------------------
     0 | D:1      | safid the Merfolk Ice Elementalist began the quest for the
                  | Orb.
     0 | D:1      | Reached XP level 1. HP: 13/13 MP: 3/3
   368 | D:1      | Reached XP level 2. HP: 9/20 MP: 3/5
   598 | D:1      | Reached skill level 1 in Fighting
  1192 | D:1      | Reached XP level 3. HP: 22/26 MP: 0/6
  1825 | D:2      | Learned a level 3 spell: Frozen Ramparts
  1830 | D:2      | Found a faded altar of an unknown god.
  1848 | D:2      | Learned a level 3 spell: Ozocubu's Armour
  2001 | D:2      | Reached skill level 5 in Ice Magic
  2001 | D:2      | Reached XP level 4. HP: 25/33 MP: 3/8
  2250 | D:2      | Slain by an orc

Illustrated notes

Levels and vault maps discovered:
D:1:      giann_bridges, layout_loops_ring, kennysheep_another_room,
          chequers_garden, nrook_loot_triangle, minmay_misc_feat_ornament
D:2:      cheibrodos_pilgrimage, layout_basic,
          ebering_ecumenical_altar_abandoned

Skill      XL: |  1  2  3 |
---------------+----------+-----
Fighting       | 1 2 |  2.2
Ice Magic      | 5 |  5.1
Dodging        | |  2.6
Stealth        | |  2.1
Spellcasting   | |  2.8

Action                   |  1- 3 |  4- 6 || total
-------------------------+-------+-------++-------
Melee: Unarmed           |    13 |       ||    13
       Hand axe          |    35 |     9 ||    44
       Punch             |     1 |       ||     1
 Cast: Freeze            |    46 |     8 ||    54
       Frozen Ramparts   |       |     1 ||     1
 Stab: Sleeping          |     1 |       ||     1
Armor: Robe              |    21 |     8 ||    29
Dodge: Dodged            |    63 |    19 ||    82
